 Dungeon Crawl Stone Soup version 0.24.1-14-gf8d2b509d9 (webtiles) character file.

Game seed: 12886671582473705182, levelgen mode: deterministic

39 lonewolf22212 the Chiller (level 3, 0/25 HPs)
             Began as a Merfolk Ice Elementalist on Oct 12, 2020.
             Slain by a goblin
             ... wielding a +0 club
             ... led by Robin
              (3 damage)
             ... on level 2 of the Dungeon.
             The game lasted 00:06:51 (1835 turns).

lonewolf22212 the Chiller (MfIE)                    Turns: 1835, Time: 00:06:52

Health: 0/25       AC:  2    Str:  9    XL:     3   Next: 45%
Magic:  4/6        EV: 13    Int: 14    God:
Gold:   55         SH:  0    Dex: 14    Spells: 0/6 levels left

rFire    . . .     SeeInvis .   g - +0 spear
rCold    . . .     Gourm    .   (no shield)
rNeg     . . .     Faith    .   a - +0 robe
rPois    .         Spirit   .   (no helmet)
rElec    .         Reflect  .   (no cloak)
rCorr    .         Harm     .   (no gloves)
MR       .....                  (no boots)
Stlth    ++........             (no amulet)
HPRegen  0.08/turn              (no ring)
MPRegen  0.10/turn              (no ring)

@: no status effects
A: change form in water, swift swim, stealthy swim
a: no special abilities


You were on level 2 of the Dungeon.
You were hungry.

You visited 1 branch of the dungeon, and saw 2 of its levels.

You collected 55 gold pieces.

Inventory:

Hand Weapons
 g - a +0 spear (weapon)
Armour
 a - a +0 robe (worn)
Jewellery
 i - an uncursed ring of protection from fire {unknown}
Scrolls
 b - a scroll of magic mapping {unknown}
 e - 3 scrolls of identify {unknown}
Potions
 d - a potion of haste {unknown}
 f - a potion of berserk rage {unknown}
 h - 2 potions of curing {unknown}
Comestibles
 c - 2 chunks of flesh


   Skills:
 + Level 0.5 Fighting
 + Level 0.4 Polearms
 + Level 3.3 Dodging
 + Level 2.3 Stealth
 + Level 0.7 Unarmed Combat
 + Level 2.1 Spellcasting
 + Level 0.7 Conjurations
 + Level 4.0 Ice Magic


You couldn't memorise any spells.
You knew the following spells:

 Your Spells              Type           Power        Failure   Level  Hunger
a - Freeze                Ice            ##..         4%          1    #......
b - Throw Frost           Conj/Ice       #.....       13%         2    ###....
c - Ozocubu's Armour      Chrm/Ice       #.......     30%         3    ###....

Your spell library contained the following spells:

 Spells                   Type           Power        Failure   Level  Hunger
 Throw Icicle             Conj/Ice       #.......     65%         4    #####..
 Summon Ice Beast         Ice/Summ       #.......     71%         4    #####..


Dungeon Overview and Level Annotations

Branches:
Dungeon (2/15)

Altars:

Annotations:
D:2 Robin


Message History

You hit the goblin but do no damage.
The hobgoblin no longer looks unusually strong.
The goblin hits you with a +0 dagger.
* * * LOW HITPOINT WARNING * * *
Robin roars a battlecry!
The goblins go into a battle-frenzy!
You hit the goblin.
You kill the goblin!
The goblin closely misses you.
Things that are here:
a +0 dagger x2
You barely miss the goblin. The goblin barely misses you.
You closely miss the goblin. You miss the goblin. The goblin barely misses you.
The goblin hits you with a +0 club.
* * * LOW HITPOINT WARNING * * *
You closely miss the goblin. The goblin misses you.
The goblin hits you but does no damage.
You completely miss the goblin. The goblin hits you with a +0 club.
You die...

...#... ### ....... ..##
....... #..### ...?...
##...#############
.....g. ###...(.......g@#
.......
#############g####g..#...
#gs.†sg......
#######...... ##### ###
..## ...## ....#


You could see a giant cockroach, a hobgoblin and 2 goblins.

Vanquished Creatures
  An ooze (D:1)
  2 dart slugs
  3 giant cockroaches
  7 goblins
  2 hobgoblins
  2 ball pythons (D:1)
  5 bats (D:1)
  2 frilled lizards (D:1)
  3 kobolds (D:1)
  3 rats (D:1)
30 creatures vanquished.

Notes
Turn   | Place    | Note
-------+----------+-------------------------------------------
     0 | D:1      | lonewolf22212 the Merfolk Ice Elementalist began the quest
                  | for the Orb.
     0 | D:1      | Reached XP level 1. HP: 13/13 MP: 3/3
   596 | D:1      | Reached XP level 2. HP: 9/19 MP: 5/5
   770 | D:1      | Learned a level 2 spell: Throw Frost
  1340 | D:1      | Reached XP level 3. HP: 17/24 MP: 6/6
  1349 | D:1      | Learned a level 3 spell: Ozocubu's Armour
  1791 | D:2      | Noticed Robin
  1804 | D:2      | Reached skill level 4 in Ice Magic
  1835 | D:2      | Slain by a goblin

Levels and vault maps discovered:
D:1:      scummos_arrival_star, layout_basic, minmay_crystal_water
D:2:      layout_rooms, minmay_crystal_room, uniq_sigmund, uniq_robin

Skill      XL: |  1  2  3 |
---------------+----------+-----
Dodging        | 3 |  3.3
Ice Magic      | 4 |  4.0
Fighting       | |  0.5
Polearms       | |  0.4
Stealth        | |  2.3
Unarmed Combat | |  0.7
Spellcasting   | |  2.1
Conjurations   | |  0.7

Action                   || total
-------------------------++-------
Melee: Unarmed           ||    35
       Spear             ||    84
 Cast: Throw Frost       ||     8
       Ozocubu's Armour  ||     7
 Stab: Sleeping          ||     1
  Eat: Ration            ||     1
       Chunk             ||     1
Armor: Robe              ||    24
Dodge: Dodged            ||   133
